 Dungeon Crawl Stone Soup version 0.21-a0-450-gd87a9b2 (webtiles) character file.

149 slep the Slasher (level 5, -4/41 HPs)
             Began as a Demonspawn Monk on Nov 19, 2017.
             Slain by a slave (5 damage)
             ... led by Pikel
             ... on level 3 of the Dungeon.
             The game lasted 00:12:34 (1935 turns).

slep the Slasher (Demonspawn Monk)                  Turns: 1935, Time: 00:12:35

Health: -4/41      AC: 11    Str: 18    XL:     5   Next: 9%
Magic:  5/5        EV: 11    Int: 11    God:
Gold:   90         SH:  0    Dex: 15    Spells: 4/4 levels left

rFire    + + .     SeeInvis .   a - +0 falchion
rCold    . . .     Gourm    .   (no shield)
rNeg     . . .     Faith    .   g - +3 scale mail {rF+}
rPois    .         Spirit   .   (helmet restricted)
rElec    .         Reflect  .   (no cloak)
rCorr    .         Harm     .   (no gloves)
MR       .....                  (no boots)
Stlth    +.........             q - amulet of magic regeneration
HPRegen  0.13/turn              (no ring)
MPRegen  0.34/turn              (no ring)

@: mighty, about to teleport
A: antennae 1, talons 1, iridescent scales 1, fire resistance 1, powered by pain
1
a: no special abilities


You were on level 3 of the Dungeon.
You were hungry.

You visited 1 branch of the dungeon, and saw 4 of its levels.

You collected 90 gold pieces.

Inventory:

Hand Weapons
 a - a +0 falchion (weapon)
Armour
 b - a +0 robe
 d - a +0 leather armour
 g - a +3 scale mail of fire resistance (worn)
 n - a +0 ring mail
Jewellery
 q - an amulet of magic regeneration (around neck)
Wands
 t - a wand of acid (0/15)
Scrolls
 f - a scroll of teleportation
 h - a scroll of recharging {unknown}
 k - a scroll of remove curse {unknown}
 l - a scroll of immolation {unknown}
 r - 6 scrolls of identify {unknown}
 s - a scroll of fear {unknown}
Comestibles
 c - 3 bread rations
 p - 3 chunks of flesh


   Skills:
 + Level 3.5 Fighting
 + Level 4.2 Long Blades
 + Level 0.8 Armour
 + Level 3.4 Dodging
 + Level 2.0 Stealth


You had 4 spell levels left.
You didn't know any spells.

Dungeon Overview and Level Annotations

Branches:
Dungeon (4/15)
 Temple: D:4-7

Altars:
Okawaru

Annotations:
D:3 Pikel


Innate Abilities, Weirdness & Mutations

You are partially covered in iridescent scales. (AC +2)
Your flesh is heat resistant. (rF+)
You sometimes gain a little power by taking damage.
You have a pair of small antennae on your head.
You have sharp toenails.


Message History

There is a stone staircase leading down, spattered with blood here.
As you read the scroll labeled IPLOYCR ABBIFANGYT, it crumbles to dust.
It is a scroll of enchant armour.
Your +2 scale mail of fire resistance glows green for a moment.
The slave closely misses you.
You riposte.
You slash the slave!
The slave is heavily wounded.
The slave hits you!
* * * LOW HITPOINT WARNING * * *
Pikel hits you with a whip of flaming.
* * * LOW HITPOINT WARNING * * *
You aren't carrying any potions.
As you read the scroll labeled IKATAIKLI YDACH, it crumbles to dust.
You feel strangely unstable.
It was a scroll of teleportation.
The slave barely misses you. x2; Pikel closely misses you.
You riposte.
You hit Pikel. You claw Pikel, but do no damage.
Pikel is moderately wounded.
You closely miss Pikel.
Pikel is moderately wounded.
The slave hits you.
You die...

###############
#@K...........#
#####pp....####.#.###
+......[...# #.#.#.#
#####......# #..#.#
............####.#.#
............†[....#.#
........##########.#.#
........# #.#.#
#........ #.#.


You could see Pikel and 2 slaves.

Vanquished Creatures
  2 slaves (D:3)
  Terence (D:2)
  6 adders
  A worm (D:2)
  2 leopard geckos (D:2)
  8 bats
  3 giant cockroaches
  8 goblins
  6 hobgoblins
  12 jackals
  7 kobolds
  A frilled lizard (D:1)
  8 rats
65 creatures vanquished.

Notes
Turn   | Place    | Note
-------+----------+-------------------------------------------
     0 | D:1      | slep the Demonspawn Monk began the quest for the Orb.
     0 | D:1      | Reached XP level 1. HP: 18/18 MP: 1/1
   175 | D:1      | Gained mutation: You are partially covered in iridescent scales. (AC +2) [demonic ancestry]
   175 | D:1      | Reached XP level 2. HP: 23/24 MP: 2/2
   181 | D:1      | Reached skill level 3 in Long Blades
   425 | D:1      | Reached XP level 3. HP: 29/29 MP: 3/3
   973 | D:2      | Gained mutation: You sometimes gain a little power by taking damage. [demonic ancestry]
   973 | D:2      | Reached XP level 4. HP: 20/35 MP: 4/4
  1373 | D:2      | Reached skill level 4 in Long Blades
  1480 | D:2      | Noticed Terence
  1481 | D:2      | Gained mutation: You have very sharp teeth. [potion of mutation]
  1481 | D:2      | Gained mutation: Your skin changes colour to match your surroundings (Stealth+). [potion of mutation]
  1482 | D:2      | Lost mutation: Your skin changes colour to match your surroundings (Stealth+). [potion of mutation]
  1482 | D:2      | Lost mutation: You have very sharp teeth. [potion of mutation]
  1482 | D:2      | Gained mutation: You are resistant to hostile enchantments. (MR+) [potion of mutation]
  1482 | D:2      | Gained mutation: You have a beak for a mouth. [potion of mutation]
  1483 | D:2      | Lost mutation: You are resistant to hostile enchantments. (MR+) [potion of mutation]
  1483 | D:2      | Gained mutation: You have a pair of small antennae on your head. [potion of mutation]
  1483 | D:2      | Gained mutation: You are agile. (Dex +2) [potion of mutation]
  1483 | D:2      | Gained mutation: Your flesh is heat resistant. (rF+) [potion of mutation]
  1484 | D:2      | Lost mutation: You have a beak for a mouth. [potion of mutation]
  1484 | D:2      | Lost mutation: You have a pair of small antennae on your head. [potion of mutation]
  1484 | D:2      | Lost mutation: Your flesh is heat resistant. (rF+) [potion of mutation]
  1484 | D:2      | Lost mutation: You are agile. (Dex +2) [potion of mutation]
  1484 | D:2      | Gained mutation: You have sharp toenails. [potion of mutation]
  1484 | D:2      | Gained mutation: You have a pair of small antennae on your head. [potion of mutation]
  1505 | D:2      | Killed Terence
  1749 | D:3      | Found an iron altar of Okawaru.
  1806 | D:4      | Gained mutation: Your flesh is heat resistant. (rF+) [demonic ancestry]
  1806 | D:4      | Reached XP level 5. HP: 36/41 MP: 5/5
  1835 | D:4      | Noticed a slave
  1835 | D:4      | Noticed a slave
  1836 | D:4      | Noticed a slave
  1836 | D:4      | Noticed Pikel
  1838 | D:4      | Noticed a slave
  1866 | D:3      | Killed a slave
  1896 | D:3      | Killed a slave
  1933 | D:3      | HP: 1/41 [Pikel/whip of flaming (2)]
  1935 | D:3      | Slain by a slave

Vault maps used:
D:1:      enne_arrival_octagon_isle
D:2:      uniq_terence
D:3:      nicolae_overflow_hidden_temple
D:4:      serial_shops, shop, uniq_edmund, uniq_pikel, uniq_grinder

Skill      XL: |  1  2  3  4 |
---------------+-------------+-----
Long Blades    | 3 4 |  4.2
Dodging        | 3 |  3.4
Stealth        | 2 |  2.0
Fighting       | |  3.5
Armour         | |  0.8

Action                   |  1- 3 |  4- 6 || total
-------------------------+-------+-------++-------
Melee: Falchion          |   129 |   117 ||   246
       Kick              |       |    24 ||    24
Evoke: Wand              |       |     1 ||     1
  Use: Potion            |       |     8 ||     8
       Scroll            |       |     2 ||     2
 Stab: Sleeping          |     5 |       ||     5
  Eat: Chunk             |     1 |     2 ||     3
Armor: Leather armour    |    42 |    10 ||    52
       Ring mail         |       |    21 ||    21
       Scale mail        |       |    33 ||    33
Dodge: Dodged            |   102 |    78 ||   180
       Rpst.: Falchion   |    37 |    19 ||    56

Table legend:
 A = Spawn XP
 B = Non-spawn XP
 C = Spawn XP percentage of total XP
 D = Spawn monster count
 E = Non-spawn monster count
 F = Spawn count percentage of total count
 G = Total turns spent on level
                    A         B        C        D         E        F      G
               +---------+---------+-------+---------+---------+-------+---------
         Total |       0 |     213 |   0.0 |       0 |      63 |   0.0 |  1935
               +---------+---------+-------+---------+---------+-------+---------
           D:1 |       0 |      44 |   0.0 |       0 |      26 |   0.0 |   611
           D:2 |       0 |     147 |   0.0 |       0 |      31 |   0.0 |  1066
           D:3 |       0 |      18 |   0.0 |       0 |       4 |   0.0 |   216
           D:4 |       0 |       4 |   0.0 |       0 |       2 |   0.0 |    42
               +---------+---------+-------+---------+---------+-------+---------
